 Dungeon Crawl Stone Soup version 0.32-a0-471-gb91d5d9764 (webtiles) character file.

Game seed: 10126052990474882746

869 Dirtsage the Cleaver (level 7, -2/57 HPs)
             Began as a Mountain Dwarf Fighter on Feb 25, 2024.
             Slain by a gnoll bouda
             ... wielding a +0 club
              (8 damage)
             ... on level 4 of the Dungeon.
             The game lasted 00:05:24 (4183 turns).

Dirtsage the Cleaver (Mountain Dwarf Fighter)       Turns: 4183, Time: 00:05:24

Health: -2/57      AC:  9    Str: 21    XL:     7   Next: 73%
Magic:  7/7        EV:  9    Int:  8    God:
Gold:   181        SH:  4    Dex:  9    Spells: 6/6 levels left

rFire   . . .        a - +0 war axe
rCold   . . .        c - +0 buckler
rNeg    . . .        b - +0 scale mail
rPois   .            q - +0 helmet
rElec   .            d - +0 cloak
rCorr   .            (no gloves)
SInv    .            (no boots)
Will    .....        (no amulet) Stlth
                     (no ring)
HPRegen 0.29/turn    (no ring)
MPRegen 0.10/turn

%: no passive effects
@: no status effects
A: runic magic, artefact enchanting
a: no special abilities


You were on level 4 of the Dungeon.
You visited 1 branch of the dungeon, and saw 4 of its levels.

You collected 181 gold pieces.

Inventory:

Hand Weapons
 a - a +0 war axe (weapon)
Armour
 b - a +0 scale mail (worn)
 c - a +0 buckler (worn)
 d - a +0 cloak (worn)
 p - a +0 hat
 q - a +0 helmet (worn)
Scrolls
 f - a scroll of blinking {unknown}
 g - 4 scrolls of identify {unknown}
 h - 3 scrolls of teleportation {unknown}
 k - 2 scrolls of enchant armour {unknown}
 l - a scroll of torment {unknown}
 m - a scroll of poison {unknown}
 o - a scroll of fear {unknown}
 r - a scroll of brand weapon {unknown}
 s - 2 scrolls of silence {unknown}
Potions
 e - a potion of curing {unknown}
 i - a potion of mutation {unknown}
 j - a potion of berserk rage {unknown}
 n - a potion of heal wounds {unknown}
 t - a potion of degeneration {unknown}


   Skills:
 - Level 3.2 Fighting
 + Level 10.8 Axes
 - Level 3.2 Armour
 - Level 3.2 Shields


You had 6 spell levels left.
You didn't know any spells.
Your spell library contained the following spells:

 Spells                   Type           Power      Damage    Failure   Level
 Ensorcelled Hibernation  Hex/Ice        0%         N/A       71%         2
 Passwall                 Erth           0%         N/A       90%         3
 Swiftness                Air            0%         N/A       90%         3


Dungeon Overview and Level Annotations

Branches:
Dungeon (4/15)
 Temple: D:4-7

Altars:

Shops:
D:3 =

Annotations:
D:4 3 runed translucent doors


Innate Abilities, Weirdness & Mutations

Your spellcasting is much less encumbered by armour.
You can use scrolls of enchantment on lesser artefacts.


Message History

The gnoll hits you with a +0 spear. The gnoll hits you but does no damage.
The gnoll bouda barely misses you. The gnoll hits you with a +0 club.
You take 7 damage, and have 23/57 hp.
You hit the gnoll but do no damage.
The gnoll is severely wounded.
You barely miss the gnoll bouda. You hit the gnoll.
The gnoll hits you but does no damage. x2
The gnoll bouda hits you with a +0 club!
* * * LOW HITPOINT WARNING * * *
The gnoll hits you but does no damage.
You take 8 damage, and have 15/57 hp.
You barely miss the gnoll.
The gnoll is severely wounded.
You closely miss the gnoll. You hit the gnoll bouda.
The gnoll hits you with a +0 spear.
* * * LOW HITPOINT WARNING * * *
You block the gnoll's attack. The gnoll bouda barely misses you.
You take 5 damage, and have 10/57 hp.
The gnoll hits you but does no damage. The gnoll hits you with a +0 spear.
* * * LOW HITPOINT WARNING * * *
The gnoll barely misses you.
The gnoll bouda calls upon its god to heal the gnoll.
The gnoll is healed somewhat.
You take 1 damage, and have 9/57 hp.
You slash the gnoll!
You kill the gnoll!
You hit the gnoll. You closely miss the gnoll bouda.
You hit the gnoll but do no damage. The gnoll misses you.
The gnoll barely misses you.
The gnoll bouda hits you with a +0 club.
* * * LOW HITPOINT WARNING * * *
You take 3 damage, and have 6/57 hp.
You slash the gnoll!
The gnoll is severely wounded.
You slash the gnoll bouda! You slash the gnoll!
You kill the gnoll!
The gnoll hits you with a +0 spear.
* * * LOW HITPOINT WARNING * * *
The gnoll bouda hits you with a +0 club!
You die...

......# ....# ####..
....#♣⌠ ..... ....#...
..... ....#... #....
....+... #...#######
....+... ##>.......#
....+... ##...g...#
....#... #...g@)##
....#... #.#...).#
..###♣⌠ ## #..#..##
..########.###..##..##
#...........###.###..#
##.........<.##))...#..
#..####......#....#####
##.## #..##.....!###..
...## #..###........#


You could see a gnoll bouda and a gnoll (swift).

Vanquished Creatures
  Sigmund (D:3)
  3 ogres (D:4)
  2 bombardier beetles
  A jelly (D:4)
  Crazy Yiuf (D:3)
  A hound (D:4)
  An orc priest (D:3)
  Terence (D:2)
  An orc wizard (D:3)
  Robin (D:3)
  7 gnolls
  4 adders
  3 dart slugs
  8 orcs
  6 bats
  9 endoplasms
  3 giant cockroaches
  9 goblins
  7 hobgoblins
  7 jackals
  4 quokkas
  5 ball pythons
  A frilled lizard (D:1)
  6 kobolds
  10 rats
102 creatures vanquished.

Notes
Turn   | Place    | Note
-------+----------+-------------------------------------------
     0 | D:1      | Dirtsage the Mountain Dwarf Fighter began the quest for the
                  | Orb.
     0 | D:1      | Reached XP level 1. HP: 19/19 MP: 1/1
    63 | D:1      | Reached skill level 3 in Axes
   154 | D:1      | Reached XP level 2. HP: 21/26 MP: 2/2
   562 | D:1      | Reached skill level 4 in Axes
  1041 | D:2      | Reached XP level 3. HP: 31/31 MP: 3/3
  1207 | D:2      | Noticed Terence
  1221 | D:2      | Killed Terence
  1222 | D:2      | Reached skill level 5 in Axes
  1263 | D:2      | Reached XP level 4. HP: 28/38 MP: 4/4
  1509 | D:2      | Reached skill level 6 in Axes
  1961 | D:3      | Reached XP level 5. HP: 11/45 MP: 5/5
  2201 | D:3      | Found Wixkes's Jewellery Emporium.
  2278 | D:3      | Noticed Robin
  2294 | D:3      | Killed Robin
  2295 | D:3      | Reached skill level 7 in Axes
  2816 | D:3      | Noticed Sigmund
  2833 | D:3      | Killed Sigmund
  2834 | D:3      | Reached skill level 8 in Axes
  2834 | D:3      | Reached XP level 6. HP: 38/51 MP: 6/6
  3034 | D:3      | Found a runed translucent door.
  3035 | D:3      | Noticed Crazy Yiuf
  3045 | D:3      | Killed Crazy Yiuf
  3326 | D:4      | Reached skill level 9 in Axes
  3561 | D:4      | Reached XP level 7. HP: 46/57 MP: 7/7
  3709 | D:4      | Reached skill level 10 in Axes
  3874 | D:4      | Found a runed translucent gate.
  3874 | D:4      | Found a runed translucent gate.
  3874 | D:4      | Found a runed translucent gate.
  4183 | D:4      | Slain by a gnoll bouda

Illustrated notes

Levels and vault maps discovered:
D:1:      kennysheep_arrival_forest, layout_basic, st_stairs_14
D:2:      layout_loops_ring, minmay_rat_gold_closets, uniq_terence
D:3:      layout_loops_ring, serial_shops, nicolae_diamond_shop,
          chequers_serial_rivers_micro_b, corexii_leaking_fountain,
          uniq_sigmund, uniq_robin, uniq_crazy_yiuf_cottage
D:4:      layout_layer_cave, serial_shops, shop, gammafunk_ghost_cemetery

Skill      XL: |  1  2  3  4  5  6  7 |
---------------+----------------------+-----
Axes           | 3 4 5 6 8 9 10 | 10.8
Fighting       | |  3.2
Armour         | |  3.2
Shields        | |  3.2

Action                     |  1- 3 |  4- 6 |  7- 9 || total
---------------------------+-------+-------+-------++-------
  Melee: War axe           |    92 |   146 |    49 ||   287
    Use: Potion            |       |     1 |       ||     1
 Armour: Scale mail        |    62 |    97 |    43 ||   202
  Dodge: Dodged            |    37 |    51 |    15 ||   103
  Block: Buckler           |    12 |    25 |     3 ||    40

Table legend: (Time is in decaauts)
 A = Elapsed time spent in this place.
 B = Non-inter-level travel time spent in this place.
 C = Inter-level travel time spent in this place.
 D = Time resting spent in this place.
 E = Time spent auto-exploring this place.
 F = Levels seen in this place.
 G = Mean time per level.
                   A        B        C        D        E       F      G
               +--------+--------+--------+--------+--------+-----+--------+
         Total |   4238 |   4181 |     57 |      0 |   3559 |   4 | 1059.5 |
       Dungeon |   4238 |   4181 |     57 |      0 |   3559 |   4 | 1059.5 |
               +--------+--------+--------+--------+--------+-----+--------+

Top non-repeatable levels by time:
     D:3: 1384 daAuts
     D:1: 1056 daAuts
     D:2: 925 daAuts
     D:4: 871 daAuts
